Predators vs Red Wings

Created - May 31, 2017 at 23:07

Goals
1 2 3 OT1 T
Predators 0 4 1 1 6
Red Wings 2 2 1 0 5
Shots
1 2 3 OT1 T
Predators 6 16 4 4 30
Red Wings 12 16 10 3 41

1st period

1. Red Wings , Alex Picard 1 (Ales Hemsky 1, Adam Henrique 1) at 15:19
2. Red Wings , Phil Kessel 3 (Rick Nash 3, Shea Weber 2) at 17:47 (PP)

Penalties :
Byron Bitz (Nas) for Tripping (Minor) at 5:55, Byron Bitz (Nas) for Tripping (Minor) at 17:35

2nd period

3. Predators , Andy Miele 2 (Ryan Mcdonagh 1, James Van Riemsdyk 3) at 0:57
4. Predators , Frans Nielsen 1 (Niclas Bergfors 1, Alexander Ovechkin 1) at 1:14
5. Predators , Alexander Edler 1 (Ryan Mcdonagh 2, Alexander Ovechkin 2) at 7:44 (PP)
6. Red Wings , Marc Savard 2 (Phil Kessel 1, Rick Nash 4) at 13:55 (PP)
7. Red Wings , Rick Nash 1 (Jiri Fischer 1) at 14:01
8. Predators , Alexander Ovechkin 1 (Niclas Bergfors 2, Brett Clark 2) at 15:23

Penalties :
Steve Downie (Det) for Holding Stick (Minor) at 1:17, Filip Kuba (Det) for Hooking (Minor) at 7:36, Brett Clark (Nas) for Tripping (Minor) at 13:40, Dmitri Kalinin (Nas) for Kneeing (Minor) at 16:38

3rd period

9. Predators , Adam Burish 1 (Ryan Mcdonagh 3, Alexander Edler 1) at 0:57
10. Red Wings , Rick Nash 2 (Phil Kessel 2, Marc Savard 1) at 19:26

Penalties :
Alexander Ovechkin (Nas) for Holding Stick (Minor) at 7:10, Frans Nielsen (Nas) for Hooking (Minor) at 10:40, Filip Kuba (Det) for Tripping (Minor) at 13:59

Overtime #1

11. Predators , Dmitri Kalinin 1 (Adam Burish 1) at 13:48

Penalties :
Sean Bergenheim (Det) for Hooking (Minor) at 2:16

Goalie Stats

Viktor Fasth (Nas), 36 saves from 41 shots - (0.878), W, 1-0-1, 73:48 minutes
Michal Neuvirth (Det), 24 saves from 30 shots - (0.800), OTL, 1-0-1, 73:25 minutes

Players Stats for Predators

Player Name              G  A  P  +/- PIM S  H  SB GA TA FO     MP     PP MP  PK MP  
------------------------------------------------------------------------------------
Adam Burish              1  1  2   0  0   1  0  0  0  0  1/1    18:44   0:05   4:20 
Alexander Edler          1  1  2   0  0   2  1  1  0  0  0/0    28:12   3:32   3:01 
Alexander Ovechkin       1  2  3  -1  2   6  3  1  0  3  0/1    28:05   3:12   2:32 
Alexander Steen          0  0  0   1  0   2  1  0  0  0  0/1    20:30   2:51   0:49 
Andrej Meszaros          0  0  0   1  0   0  0  1  0  0  0/0     7:30   0:00   0:01 
Andy Miele               1  0  1   1  0   1  1  0  0  0  0/2     8:48   0:00   0:00 
Barret Jackman           0  0  0   1  0   1  0  0  0  2  0/0    15:02   2:33   0:00 
Brett Clark              0  1  1   2  2   1  1  3  1  2  0/0    22:16   0:00   4:52 
Byron Bitz               0  0  0   1  4   4  2  0  0  1  0/0    19:57   2:51   1:20 
David Jones              0  0  0   1  0   0  1  0  0  0  0/0     9:07   0:02   0:00 
Dmitri Kalinin           1  0  1   1  2   1  0  1  0  0  0/0    22:29   2:33   0:30 
Frans Nielsen            1  0  1   0  2   2  2  1  0  1  12/30  23:25   0:00   1:17 
James Van Riemsdyk       0  1  1   1  0   0  3  0  0  2  0/0    19:18   0:02   0:00 
John Moore               0  0  0   0  0   1  0  2  0  1  0/0    23:04   0:00   5:21 
Mikael Granlund          0  0  0   1  0   0  3  2  0  1  1/4    17:18   2:48   2:08 
Niclas Bergfors          0  2  2   0  0   3  0  0  1  0  2/6    24:28   3:12   0:00 
Ryan Kesler              0  0  0   1  0   1  3  0  0  0  10/18  23:03   3:12   4:20 
Ryan Mcdonagh            0  3  3  -1  0   4  0  1  0  1  0/0    29:15   3:32   3:01 

Players Stats for Red Wings

Player Name              G  A  P  +/- PIM S  H  SB GA TA FO     MP     PP MP  PK MP  
------------------------------------------------------------------------------------
Adam Henrique            0  1  1  -2  0   1  0  0  0  0  0/3    12:55   0:26   0:00 
Ales Hemsky              0  1  1  -2  0   1  1  1  0  0  0/0    12:40   0:23   0:00 
Alex Picard              1  0  1  -2  0   2  2  0  0  0  0/0    13:46   0:00   1:20 
Brendan Bell             0  0  0  -2  0   0  4  1  0  0  0/0    16:26   0:40   0:41 
Filip Kuba               0  0  0  -2  4   4  2  0  1  0  0/0    26:17   3:43   0:34 
Jiri Fischer             0  1  1   1  0   2  1  0  0  0  0/0    28:15   3:43   2:24 
Marc Savard              1  1  2   1  0   3  1  0  0  0  21/33  25:19   4:37   1:02 
Mike Brown               0  0  0   0  0   5  3  0  0  0  0/0    13:32   0:23   2:45 
Mike Duco                0  0  0   0  0   2  3  0  0  0  0/0     9:29   0:00   0:00 
Nate Thompson            0  0  0   0  0   1  2  0  0  0  5/6     9:29   0:00   0:00 
Ole-Kristian Tollefsen   0  0  0   2  0   0  4  1  2  2  0/0    30:02   4:40   2:26 
Phil Kessel              1  2  3   1  0   4  0  1  2  0  1/3    24:17   4:37   0:00 
Rick Nash                2  2  4   1  0   6  4  0  1  0  4/7    27:06   4:37   2:45 
Sean Bergenheim          0  0  0  -1  2   4  3  1  3  0  1/2    22:08   3:23   0:44 
Shea Weber               0  1  1  -2  0   2  1  1  1  0  0/0    29:16   4:00   3:00 
Steve Downie             0  0  0  -1  2   1  5  0  3  0  0/0    21:39   3:20   1:17 
Tim Ramholt              0  0  0  -1  0   0  1  0  1  0  0/0    17:57   0:00   3:05 
Tyler Johnson            0  0  0  -1  0   3  1  0  0  0  5/9    22:18   3:23   2:17 

3 Stars

1 - Rick Nash (Det)
2 - Phil Kessel (Det)
3 - Marc Savard (Det)

Power Play

Predators - 1 on 4 Attempt(s) - 25.00%
Red Wings - 2 on 6 Attempt(s) - 33.33%

Penalty Kill

Predators - 4 on 6 Attempt(s) - 66.67% - Score 0 goal in Penalty Kill
Red Wings - 3 on 4 Attempt(s) - 75.00% - Score 0 goal in Penalty Kill

Team Stat

Predators - Hits : 21 - Faceoff Wins : 26 - Blocked Shots : 13 - Penalty Minutes : 12
Red Wings - Hits : 38 - Faceoff Wins : 37 - Blocked Shots : 6 - Penalty Minutes : 8

Official

Referees : Meier Brad and Sutherland Kelly
Linesman : Brad Kovachik and Vaughan Rody

Game Notes

7:44 of 2nd period - Predators goal is going for a video replay. After video review, Goal.

Finance

Level 1 -- Attendance: 6000 (100.00%) -- Ticket Income $450,000
Level 2 -- Attendance: 5000 (100.00%) -- Ticket Income $240,000
Level 3 -- Attendance: 2000 (100.00%) -- Ticket Income $56,000
Level 4 -- Attendance: 4000 (100.00%) -- Ticket Income $80,000
Luxury Box -- Attendance: 1000 (100.00%) -- Ticket Income $155,000
Game was played at the Joe Louis Arena.
Total Attendance: 18000 (100.00%)
Total Ticket Income: $981,000
Other Income: $147,150
Total Income: $1,128,150

Predators

5 vs 5 Forward 
   Center                   Left Wing                Right Wing               Time % Phy DF OF 
 1 Frans Nielsen            Alexander Ovechkin       Niclas Bergfors          40     2   1  2  
 2 Ryan Kesler              Alexander Steen          Byron Bitz               30     1   2  2  
 3 Mikael Granlund          James Van Riemsdyk       Adam Burish              20     1   2  2  
 4 Andy Miele               James Van Riemsdyk       David Jones              10     1   2  2  

5 vs 5 Defense 
   Defense                  Defense                                           Time % Phy DF OF 
 1 Ryan Mcdonagh            Alexander Edler                                   40     1   2  2  
 2 Dmitri Kalinin           John Moore                                        30     1   2  2  
 3 Barret Jackman           Brett Clark                                       20     1   2  2  
 4 Andrej Meszaros          Brett Clark                                       10     1   2  2  

PowerPlay Forward 
   Center                   Left Wing                Right Wing               Time % Phy DF OF 
 1 Ryan Kesler              Alexander Ovechkin       Niclas Bergfors          60     1   0  4  
 2 Mikael Granlund          Alexander Steen          Byron Bitz               40     1   0  4  

PowerPlay Defense
   Defense                  Defense                                           Time % Phy DF OF 
 1 Ryan Mcdonagh            Alexander Edler                                   60     1   1  3  
 2 Dmitri Kalinin           Barret Jackman                                    40     1   1  3  

Penalty Kill 4 Players Forward 
   Center                   Wing                     Time % Phy DF OF 
 1 Ryan Kesler              Adam Burish              60     1   2  1  
 2 Alexander Ovechkin       Byron Bitz               40     1   2  2  

Penalty Kill 4 Players Defense
   Defense                  Defense                  Time % Phy DF OF 
 1 John Moore               Brett Clark              60     1   3  1  
 2 Alexander Edler          Ryan Mcdonagh            40     1   3  1  

Penalty Kill - 3 Players Forward 
   Forward                                           Time % Phy DF OF 
 1 Byron Bitz                                        60     1   3  1  
 2 Adam Burish                                       40     1   3  1  

Penalty Kill - 3 Players Defense
   Defense                  Defense                  Time % Phy DF OF 
 1 Alexander Edler          Ryan Mcdonagh            60     1   4  0  
 2 John Moore               Brett Clark              40     1   4  0  

4 vs 4 Forward 
   Center                   Wing                     Time % Phy DF OF 
 1 Ryan Kesler              Alexander Ovechkin       60     1   2  2  
 2 Byron Bitz               Niclas Bergfors          40     1   2  2  

4 vs 4 Defense
   Defense                  Defense                  Time % Phy DF OF 
 1 Alexander Edler          Ryan Mcdonagh            60     1   2  2  
 2 Barret Jackman           Dmitri Kalinin           40     1   2  2  

Last Minutes Offensive
   Center                   Left Wing                Right Wing               Defense                  Defense                  
   Ryan Kesler              Alexander Ovechkin       Niclas Bergfors          Ryan Mcdonagh            Alexander Edler          

Last Minutes Defensive
   Center                   Left Wing                Right Wing               Defense                  Defense                  
   Ryan Kesler              Alexander Ovechkin       Byron Bitz               John Moore               Ryan Mcdonagh            

Goaltenders
Starting : Viktor Fasth             
Backup : Chad Johnson             

Extra Forwards
Normal : Adam Burish, James Van Riemsdyk, Andy Miele - PP : Alexander Steen, Adam Burish - PK : Frans Nielsen
Extra Defensemen
Normal : John Moore, Dmitri Kalinin, Andrej Meszaros - PP : John Moore - PK : Dmitri Kalinin, Brett Clark
Penalty Shots
Alexander Ovechkin, Ryan Kesler, Byron Bitz, Niclas Bergfors, Alexander Steen

Scratches
Kris Vernarsky (Healthy)

Red Wings

5 vs 5 Forward 
   Center                   Left Wing                Right Wing               Time % Phy DF OF 
 1 Marc Savard              Rick Nash                Phil Kessel              40     0   2  3  
 2 Tyler Johnson            Sean Bergenheim          Steve Downie             30     0   2  3  
 3 Adam Henrique            Alex Picard              Ales Hemsky              20     0   3  2  
 4 Nate Thompson            Mike Duco                Mike Brown               10     1   2  2  

5 vs 5 Defense 
   Defense                  Defense                                           Time % Phy DF OF 
 1 Shea Weber               Filip Kuba                                        40     0   3  2  
 2 Jiri Fischer             Ole-Kristian Tollefsen                            35     0   3  2  
 3 Brendan Bell             Tim Ramholt                                       15     1   3  1  
 4 Brendan Bell             Tim Ramholt                                       10     1   3  1  

PowerPlay Forward 
   Center                   Left Wing                Right Wing               Time % Phy DF OF 
 1 Marc Savard              Rick Nash                Phil Kessel              60     0   1  4  
 2 Tyler Johnson            Sean Bergenheim          Steve Downie             40     0   1  4  

PowerPlay Defense
   Defense                  Defense                                           Time % Phy DF OF 
 1 Shea Weber               Ole-Kristian Tollefsen                            60     0   2  3  
 2 Filip Kuba               Jiri Fischer                                      40     0   2  3  

Penalty Kill 4 Players Forward 
   Center                   Wing                     Time % Phy DF OF 
 1 Tyler Johnson            Steve Downie             50     1   2  2  
 2 Rick Nash                Mike Brown               50     1   2  2  

Penalty Kill 4 Players Defense
   Defense                  Defense                  Time % Phy DF OF 
 1 Shea Weber               Ole-Kristian Tollefsen   50     1   2  2  
 2 Jiri Fischer             Tim Ramholt              50     1   2  2  

Penalty Kill - 3 Players Forward 
   Forward                                           Time % Phy DF OF 
 1 Tyler Johnson                                     60     1   2  2  
 2 Steve Downie                                      40     1   2  2  

Penalty Kill - 3 Players Defense
   Defense                  Defense                  Time % Phy DF OF 
 1 Shea Weber               Ole-Kristian Tollefsen   50     1   2  2  
 2 Jiri Fischer             Tim Ramholt              50     1   2  2  

4 vs 4 Forward 
   Center                   Wing                     Time % Phy DF OF 
 1 Marc Savard              Rick Nash                60     1   2  2  
 2 Tyler Johnson            Phil Kessel              40     1   2  2  

4 vs 4 Defense
   Defense                  Defense                  Time % Phy DF OF 
 1 Shea Weber               Ole-Kristian Tollefsen   60     1   2  2  
 2 Jiri Fischer             Filip Kuba               40     1   2  2  

Last Minutes Offensive
   Center                   Left Wing                Right Wing               Defense                  Defense                  
   Marc Savard              Rick Nash                Phil Kessel              Shea Weber               Ole-Kristian Tollefsen   

Last Minutes Defensive
   Center                   Left Wing                Right Wing               Defense                  Defense                  
   Tyler Johnson            Rick Nash                Steve Downie             Shea Weber               Ole-Kristian Tollefsen   

Goaltenders
Starting : Michal Neuvirth          
Backup : Ilya Bryzgalov           

Extra Forwards
Normal : Rick Nash, Sean Bergenheim, Adam Henrique - PP : Adam Henrique, Ales Hemsky - PK : Sean Bergenheim
Extra Defensemen
Normal : Shea Weber, Filip Kuba, Brendan Bell - PP : Brendan Bell - PK : Filip Kuba, Brendan Bell
Penalty Shots
Rick Nash, Steve Downie, Shea Weber, Phil Kessel, Marc Savard

Scratches
Mike Richards (Sprained Left Finger Injury)

% Time on Ice - Predators

Lines # - Real PCT - Wanted PCT - Time Play
Normal Forward
1 - 39% - 40% - 22:55
2 - 27% - 30% - 15:44
3 - 20% - 20% - 11:34
4 - 14% - 10% - 8:26
Normal Defense
1 - 40% - 40% - 23:16
2 - 30% - 30% - 17:53
3 - 20% - 20% - 11:50
4 - 10% - 10% - 5:40
PP Forward
1 - 53% - 60% - 3:14
2 - 47% - 40% - 2:51
PP Defense
1 - 58% - 60% - 3:32
2 - 42% - 40% - 2:33
PK Forward
1 - 77% - 60% - 6:28
2 - 23% - 40% - 1:55
PK Defense
1 - 64% - 60% - 5:22
2 - 36% - 40% - 3:01
PK3 Forward
1 - 0% - 60%
2 - 0% - 40%
PK3 Defense
1 - 0% - 60%
2 - 0% - 40%
44 Forward
1 - 0% - 60%
2 - 0% - 40%
44 Defense
1 - 0% - 60%
2 - 0% - 40%
Last Minute Offensive  - 0:00
Last Minute Defensive  - 0:41
Total
Forward - 73:48
Defense - 73:48

% Time on Ice - Red Wings

Lines # - Real PCT - Wanted PCT - Time Play
Normal Forward
1 - 33% - 40% - 19:30
2 - 31% - 30% - 17:54
3 - 20% - 20% - 11:47
4 - 16% - 10% - 9:29
Normal Defense
1 - 39% - 40% - 22:58
2 - 36% - 35% - 21:06
3 - 15% - 15% - 9:02
4 - 9% - 10% - 5:34
PP Forward
1 - 60% - 60% - 5:00
2 - 40% - 40% - 3:23
PP Defense
1 - 56% - 60% - 4:40
2 - 44% - 40% - 3:43
PK Forward
1 - 47% - 50% - 2:50
2 - 53% - 50% - 3:15
PK Defense
1 - 49% - 50% - 3:00
2 - 51% - 50% - 3:05
PK3 Forward
1 - 0% - 60%
2 - 0% - 40%
PK3 Defense
1 - 0% - 50%
2 - 0% - 50%
44 Forward
1 - 0% - 60%
2 - 0% - 40%
44 Defense
1 - 0% - 60%
2 - 0% - 40%
Last Minute Offensive  - 0:40
Last Minute Defensive  - 0:00
Total
Forward - 73:48
Defense - 73:48

Play by Play

1st period


0:01 of 1st period - Marc Savard wins face-off versus Frans Nielsen in neutral zone.
0:15 of 1st period - Snap shot by Niclas Bergfors.
0:15 of 1st period - Shot Misses the Net.
1:32 of 1st period - Phil Kessel is hit by Ryan Kesler and loses puck.
2:02 of 1st period - Off-side.
2:03 of 1st period - Ryan Kesler wins face-off versus Adam Henrique in neutral zone.
3:12 of 1st period - Icing by Alexander Edler.
3:13 of 1st period - Nate Thompson wins face-off versus Ryan Kesler in Predators zone.
3:42 of 1st period - Snap shot by Alexander Ovechkin.
3:42 of 1st period - Shot Misses the Net.
4:06 of 1st period - Wrist shot by Ales Hemsky.
4:06 of 1st period - Stopped by Viktor Fasth with a rebound.
4:36 of 1st period - Sean Bergenheim is hit by Alexander Steen and loses puck.
4:51 of 1st period - Slapshot by Alexander Ovechkin.
4:51 of 1st period - Stopped by Michal Neuvirth with a rebound.
4:53 of 1st period - Slapshot by John Moore.
4:53 of 1st period - Stopped by Michal Neuvirth without a rebound.
4:54 of 1st period - Marc Savard wins face-off versus Mikael Granlund in Red Wings zone.
5:05 of 1st period - Snap shot by Rick Nash.
5:05 of 1st period - Shot Blocked by Mikael Granlund.
5:21 of 1st period - Snap shot by Rick Nash.
5:21 of 1st period - Shot Blocked by Andrej Meszaros.
5:55 of 1st period - Minor Penalty to Byron Bitz for Tripping.
5:56 of 1st period - Ryan Kesler wins face-off versus Marc Savard in Predators zone.
6:10 of 1st period - John Moore is hit by Rick Nash and loses puck.
7:55 of 1st period - Penalty to Byron Bitz is over, Byron Bitz is back on ice.
8:04 of 1st period - Shea Weber is hit by James Van Riemsdyk and loses puck.
8:32 of 1st period - Ryan Kesler is hit by Nate Thompson and loses puck.
9:37 of 1st period - Sean Bergenheim is hit by Frans Nielsen and loses puck.
9:50 of 1st period - Mike Brown is hit by Mikael Granlund and loses puck.
9:58 of 1st period - Icing by Mike Brown.
9:59 of 1st period - Nate Thompson wins face-off versus Andy Miele in Red Wings zone.
10:56 of 1st period - Snap shot by Byron Bitz.
10:56 of 1st period - Stopped by Michal Neuvirth without a rebound.
10:57 of 1st period - Marc Savard wins face-off versus Alexander Steen in Red Wings zone.
10:57 of 1st period - Marc Savard is hit by Ryan Kesler.
11:10 of 1st period - Wrist shot by Phil Kessel.
11:10 of 1st period - Shot Hit the Post.
11:12 of 1st period - Slapshot by Ole-Kristian Tollefsen.
11:12 of 1st period - Shot Misses the Net.
12:04 of 1st period - Off-side.
12:05 of 1st period - Ryan Kesler wins face-off versus Nate Thompson in neutral zone.
12:18 of 1st period - Wrist shot by Mike Brown.
12:18 of 1st period - Stopped by Viktor Fasth without a rebound.
12:19 of 1st period - Frans Nielsen wins face-off versus Rick Nash in Predators zone.
13:17 of 1st period - Snap shot by Ryan Kesler.
13:17 of 1st period - Shot Misses the Net.
13:19 of 1st period - Slapshot by Ryan Mcdonagh.
13:19 of 1st period - Stopped by Michal Neuvirth without a rebound.
13:20 of 1st period - Marc Savard wins face-off versus Niclas Bergfors in Red Wings zone.
13:51 of 1st period - Snap shot by Phil Kessel.
13:51 of 1st period - Stopped by Viktor Fasth with a rebound.
13:53 of 1st period - Wrist shot by Tyler Johnson.
13:53 of 1st period - Shot Misses the Net.
13:55 of 1st period - Slapshot by Filip Kuba.
13:55 of 1st period - Stopped by Viktor Fasth with a rebound.
14:28 of 1st period - Ryan Kesler is hit by Mike Duco and loses puck.
14:37 of 1st period - Snap shot by Barret Jackman.
14:37 of 1st period - Stopped by Michal Neuvirth without a rebound.
14:38 of 1st period - Rick Nash wins face-off versus Frans Nielsen in Red Wings zone.
15:19 of 1st period - Wrist shot by Alex Picard.
15:19 of 1st period - Goal by Alex Picard - Predators : 0 - Red Wings : 1.
15:20 of 1st period - Marc Savard wins face-off versus Mikael Granlund in neutral zone.
15:23 of 1st period - Slapshot by Shea Weber.
15:23 of 1st period - Shot Misses the Net.
15:45 of 1st period - John Moore is hit by Steve Downie and loses puck.
16:01 of 1st period - Icing by Shea Weber.
16:02 of 1st period - Nate Thompson wins face-off versus Frans Nielsen in Red Wings zone.
16:07 of 1st period - Backhand shot by Filip Kuba.
16:07 of 1st period - Stopped by Viktor Fasth with a rebound.
16:09 of 1st period - Wrist shot by Mike Duco.
16:09 of 1st period - Stopped by Viktor Fasth without a rebound.
16:10 of 1st period - Phil Kessel wins face-off versus Frans Nielsen in Predators zone.
16:17 of 1st period - Slapshot by Phil Kessel.
16:17 of 1st period - Shot Blocked by Ryan Mcdonagh.
16:19 of 1st period - Slapshot by Jiri Fischer.
16:19 of 1st period - Shot Blocked by Frans Nielsen.
16:21 of 1st period - Slapshot by Jiri Fischer.
16:21 of 1st period - Stopped by Viktor Fasth with a rebound.
16:23 of 1st period - Slapshot by Jiri Fischer.
16:23 of 1st period - Stopped by Viktor Fasth without a rebound.
16:24 of 1st period - Marc Savard wins face-off versus Niclas Bergfors in Predators zone.
16:31 of 1st period - Snap shot by Phil Kessel.
16:31 of 1st period - Shot Blocked by John Moore.
16:56 of 1st period - Slapshot by Ryan Mcdonagh.
16:56 of 1st period - Shot Misses the Net.
16:58 of 1st period - Snap shot by Alexander Ovechkin.
16:58 of 1st period - Shot Misses the Net.
17:00 of 1st period - Slapshot by Ryan Mcdonagh.
17:00 of 1st period - Stopped by Michal Neuvirth without a rebound.
17:01 of 1st period - Mikael Granlund wins face-off versus Tyler Johnson in Red Wings zone.
17:14 of 1st period - Snap shot by James Van Riemsdyk.
17:14 of 1st period - Shot Misses the Net.
17:16 of 1st period - Slapshot by Alexander Edler.
17:16 of 1st period - Deflect By Mikael Granlund.
17:16 of 1st period - Shot Misses the Net.
17:16 of 1st period - Puck is out of play.
17:17 of 1st period - Marc Savard wins face-off versus Ryan Kesler in Red Wings zone.
17:35 of 1st period - Minor Penalty to Byron Bitz for Tripping.
17:36 of 1st period - Marc Savard wins face-off versus Ryan Kesler in Predators zone.
17:47 of 1st period - Wrist shot by Phil Kessel.
17:47 of 1st period - Goal by Phil Kessel - Predators : 0 - Red Wings : 2.
17:48 of 1st period - Marc Savard wins face-off versus Frans Nielsen in neutral zone.
18:31 of 1st period - Wrist shot by Rick Nash.
18:31 of 1st period - Shot Blocked by John Moore.
18:33 of 1st period - Wrist shot by Phil Kessel.
18:33 of 1st period - Stopped by Viktor Fasth with a rebound.
18:55 of 1st period - Snap shot by Marc Savard.
18:55 of 1st period - Stopped by Viktor Fasth with a rebound.
19:17 of 1st period - Slapshot by Mikael Granlund.
19:17 of 1st period - Shot Blocked by Phil Kessel.
Goals for this period are 0 for Predators vs 2 for Red Wings.
Shots for this period are 6 for Predators vs 12 for Red Wings.

2nd period


0:01 of 2nd period - Tyler Johnson wins face-off versus Frans Nielsen in neutral zone.
0:10 of 2nd period - Snap shot by Niclas Bergfors.
0:10 of 2nd period - Shot Misses the Net.
0:26 of 2nd period - Ryan Mcdonagh is hit by Marc Savard and loses puck.
0:39 of 2nd period - Slapshot by Rick Nash.
0:39 of 2nd period - Shot Misses the Net.
0:57 of 2nd period - Slapshot by Ryan Mcdonagh.
0:57 of 2nd period - Deflect By Andy Miele.
0:57 of 2nd period - Goal by Andy Miele - Predators : 1 - Red Wings : 2.
0:58 of 2nd period - Tyler Johnson wins face-off versus Frans Nielsen in neutral zone.
1:00 of 2nd period - Off-side.
1:01 of 2nd period - Niclas Bergfors wins face-off versus Tyler Johnson in neutral zone.
1:12 of 2nd period - Snap shot by Niclas Bergfors.
1:12 of 2nd period - Shot Misses the Net.
1:14 of 2nd period - Snap shot by Frans Nielsen.
1:14 of 2nd period - Goal by Frans Nielsen - Predators : 2 - Red Wings : 2.
1:15 of 2nd period - Tyler Johnson wins face-off versus Frans Nielsen in neutral zone.
1:17 of 2nd period - Minor Penalty to Steve Downie for Holding Stick.
1:18 of 2nd period - Tyler Johnson wins face-off versus Ryan Kesler in Red Wings zone.
1:24 of 2nd period - Slapshot by Alexander Edler.
1:24 of 2nd period - Shot Misses the Net.
1:26 of 2nd period - Snap shot by Alexander Ovechkin.
1:26 of 2nd period - Stopped by Michal Neuvirth with a rebound.
1:28 of 2nd period - Slapshot by Alexander Edler.
1:28 of 2nd period - Shot Misses the Net.
1:30 of 2nd period - Wrist shot by Alexander Ovechkin.
1:30 of 2nd period - Deflect By Shea Weber.
1:30 of 2nd period - Stopped by Michal Neuvirth with a rebound.
1:32 of 2nd period - Snap shot by Alexander Ovechkin.
1:32 of 2nd period - Shot Misses the Net.
1:34 of 2nd period - Snap shot by Alexander Ovechkin.
1:34 of 2nd period - Shot Misses the Net.
1:44 of 2nd period - Ryan Mcdonagh is hit by Rick Nash and loses puck.
3:17 of 2nd period - Penalty to Steve Downie is over, Steve Downie is back on ice.
5:01 of 2nd period - Rick Nash is hit by Brett Clark and loses puck.
6:07 of 2nd period - Off-side.
6:08 of 2nd period - Marc Savard wins face-off versus Frans Nielsen in neutral zone.
6:40 of 2nd period - Snap shot by Tyler Johnson.
6:40 of 2nd period - Stopped by Viktor Fasth without a rebound.
6:41 of 2nd period - Marc Savard wins face-off versus Ryan Kesler in Predators zone.
7:12 of 2nd period - Slapshot by Ole-Kristian Tollefsen.
7:12 of 2nd period - Deflect By Tyler Johnson.
7:12 of 2nd period - Shot Misses the Net.
7:12 of 2nd period - Puck is out of play.
7:13 of 2nd period - Tyler Johnson wins face-off versus Niclas Bergfors in Predators zone.
7:26 of 2nd period - Snap shot by Niclas Bergfors.
7:26 of 2nd period - Shot Blocked by Sean Bergenheim.
7:36 of 2nd period - Minor Penalty to Filip Kuba for Hooking.
7:37 of 2nd period - Ryan Kesler wins face-off versus Rick Nash in Red Wings zone.
7:38 of 2nd period - Slapshot by Niclas Bergfors.
7:38 of 2nd period - Shot Misses the Net.
7:40 of 2nd period - Wrist shot by Alexander Ovechkin.
7:40 of 2nd period - Shot Misses the Net.
7:42 of 2nd period - Slapshot by Ryan Mcdonagh.
7:42 of 2nd period - Stopped by Michal Neuvirth with a rebound.
7:44 of 2nd period - Backhand shot by Alexander Edler.
7:44 of 2nd period - Predators goal is going for a video replay.
7:44 of 2nd period - The goal is good.
7:44 of 2nd period - Goal by Alexander Edler - Predators : 3 - Red Wings : 2.
7:45 of 2nd period - Frans Nielsen wins face-off versus Marc Savard in neutral zone.
7:52 of 2nd period - Wrist shot by Niclas Bergfors.
7:52 of 2nd period - Stopped by Michal Neuvirth with a rebound.
7:54 of 2nd period - Snap shot by Frans Nielsen.
7:54 of 2nd period - Shot Misses the Net.
7:56 of 2nd period - Slapshot by Niclas Bergfors.
7:56 of 2nd period - Stopped by Michal Neuvirth with a rebound.
8:02 of 2nd period - Wrist shot by Niclas Bergfors.
8:02 of 2nd period - Stopped by Michal Neuvirth with a rebound.
8:12 of 2nd period - Ryan Kesler is hit by Ole-Kristian Tollefsen and loses puck.
10:06 of 2nd period - Ryan Kesler is hit by Tim Ramholt and loses puck.
10:21 of 2nd period - Alexander Ovechkin is hit by Brendan Bell and loses puck.
10:26 of 2nd period - Snap shot by Mike Brown.
10:26 of 2nd period - Stopped by Viktor Fasth with a rebound.
10:28 of 2nd period - Slapshot by Tim Ramholt.
10:28 of 2nd period - Shot Blocked by Brett Clark.
10:30 of 2nd period - Wrist shot by Mike Brown.
10:30 of 2nd period - Stopped by Viktor Fasth with a rebound.
10:50 of 2nd period - Snap shot by Sean Bergenheim.
10:50 of 2nd period - Shot Blocked by Mikael Granlund.
11:00 of 2nd period - Brett Clark is hit by Jiri Fischer and loses puck.
11:25 of 2nd period - Slapshot by Alexander Steen.
11:25 of 2nd period - Stopped by Michal Neuvirth with a rebound.
11:31 of 2nd period - Wrist shot by Alexander Steen.
11:31 of 2nd period - Stopped by Michal Neuvirth without a rebound.
11:32 of 2nd period - Frans Nielsen wins face-off versus Tyler Johnson in Red Wings zone.
11:39 of 2nd period - Slapshot by Frans Nielsen.
11:39 of 2nd period - Stopped by Michal Neuvirth without a rebound.
11:40 of 2nd period - Sean Bergenheim wins face-off versus Frans Nielsen in Red Wings zone.
11:59 of 2nd period - Wrist shot by Alexander Edler.
11:59 of 2nd period - Shot Misses the Net.
12:43 of 2nd period - Slapshot by Alexander Edler.
12:43 of 2nd period - Shot Misses the Net.
13:05 of 2nd period - Wrist shot by Ryan Mcdonagh.
13:05 of 2nd period - Shot Blocked by Brendan Bell.
13:07 of 2nd period - Slapshot by Ryan Mcdonagh.
13:07 of 2nd period - Stopped by Michal Neuvirth without a rebound.
13:08 of 2nd period - Marc Savard wins face-off versus Mikael Granlund in Red Wings zone.
13:32 of 2nd period - Alexander Ovechkin is hit by Steve Downie and loses puck.
13:37 of 2nd period - Snap shot by Tyler Johnson.
13:37 of 2nd period - Stopped by Viktor Fasth without a rebound.
13:38 of 2nd period - Frans Nielsen wins face-off versus Marc Savard in Predators zone.
13:40 of 2nd period - Minor Penalty to Brett Clark for Tripping.
13:41 of 2nd period - Adam Burish wins face-off versus Marc Savard in Predators zone.
13:51 of 2nd period - Wrist shot by Rick Nash.
13:51 of 2nd period - Stopped by Viktor Fasth without a rebound.
13:52 of 2nd period - Rick Nash wins face-off versus Ryan Kesler in Predators zone.
13:53 of 2nd period - Wrist shot by Phil Kessel.
13:53 of 2nd period - Stopped by Viktor Fasth with a rebound.
13:55 of 2nd period - Slapshot by Marc Savard.
13:55 of 2nd period - Goal by Marc Savard - Predators : 3 - Red Wings : 3.
13:56 of 2nd period - Rick Nash wins face-off versus Frans Nielsen in neutral zone.
14:01 of 2nd period - Snap shot by Rick Nash.
14:01 of 2nd period - Goal by Rick Nash - Predators : 3 - Red Wings : 4.
14:02 of 2nd period - Marc Savard wins face-off versus Frans Nielsen in neutral zone.
14:04 of 2nd period - Off-side.
14:05 of 2nd period - Marc Savard wins face-off versus Frans Nielsen in neutral zone.
14:08 of 2nd period - Snap shot by Marc Savard.
14:08 of 2nd period - Stopped by Viktor Fasth with a rebound.
14:13 of 2nd period - Off-side.
14:14 of 2nd period - Marc Savard wins face-off versus Frans Nielsen in neutral zone.
14:40 of 2nd period - Byron Bitz is hit by Shea Weber and loses puck.
15:00 of 2nd period - Shea Weber is hit by James Van Riemsdyk and loses puck.
15:05 of 2nd period - Slapshot by Alexander Edler.
15:05 of 2nd period - Stopped by Michal Neuvirth with a rebound.
15:07 of 2nd period - Slapshot by Brett Clark.
15:07 of 2nd period - Stopped by Michal Neuvirth without a rebound.
15:08 of 2nd period - Frans Nielsen wins face-off versus Marc Savard in Red Wings zone.
15:13 of 2nd period - Snap shot by Frans Nielsen.
15:13 of 2nd period - Deflect By Niclas Bergfors.
15:13 of 2nd period - Shot Blocked by Ole-Kristian Tollefsen.
15:13 of 2nd period - Puck is out of play.
15:14 of 2nd period - Marc Savard wins face-off versus Frans Nielsen in Red Wings zone.
15:23 of 2nd period - Slapshot by Niclas Bergfors.
15:23 of 2nd period - Deflect By Alexander Ovechkin.
15:23 of 2nd period - Goal by Alexander Ovechkin - Predators : 4 - Red Wings : 4.
15:24 of 2nd period - Marc Savard wins face-off versus Frans Nielsen in neutral zone.
15:24 of 2nd period - Marc Savard is hit by Frans Nielsen.
15:32 of 2nd period - Slapshot by Rick Nash.
15:32 of 2nd period - Shot Blocked by Alexander Edler.
15:50 of 2nd period - Ryan Kesler is hit by Steve Downie and loses puck.
15:55 of 2nd period - Snap shot by Steve Downie.
15:55 of 2nd period - Shot Misses the Net.
15:57 of 2nd period - Slapshot by Filip Kuba.
15:57 of 2nd period - Deflect By Sean Bergenheim.
15:57 of 2nd period - Stopped by Viktor Fasth with a rebound.
15:59 of 2nd period - Slapshot by Shea Weber.
15:59 of 2nd period - Stopped by Viktor Fasth with a rebound.
16:01 of 2nd period - Slapshot by Filip Kuba.
16:01 of 2nd period - Stopped by Viktor Fasth without a rebound.
16:02 of 2nd period - Marc Savard wins face-off versus Alexander Ovechkin in Predators zone.
16:07 of 2nd period - Wrist shot by Rick Nash.
16:07 of 2nd period - Shot Blocked by Dmitri Kalinin.
16:09 of 2nd period - Snap shot by Shea Weber.
16:09 of 2nd period - Stopped by Viktor Fasth with a rebound.
16:11 of 2nd period - Slapshot by Filip Kuba.
16:11 of 2nd period - Stopped by Viktor Fasth without a rebound.
16:12 of 2nd period - Marc Savard wins face-off versus Frans Nielsen in Predators zone.
16:25 of 2nd period - Snap shot by Rick Nash.
16:25 of 2nd period - Stopped by Viktor Fasth with a rebound.
16:27 of 2nd period - Snap shot by Rick Nash.
16:27 of 2nd period - Stopped by Viktor Fasth with a rebound.
16:38 of 2nd period - Minor Penalty to Dmitri Kalinin for Kneeing.
16:39 of 2nd period - Marc Savard wins face-off versus Ryan Kesler in Predators zone.
18:38 of 2nd period - Penalty to Dmitri Kalinin is over, Dmitri Kalinin is back on ice.
19:41 of 2nd period - Ryan Kesler is hit by Brendan Bell and loses puck.
19:56 of 2nd period - James Van Riemsdyk is hit by Rick Nash and loses puck.
Goals for this period are 4 for Predators vs 2 for Red Wings.
Shots for this period are 16 for Predators vs 16 for Red Wings.

3rd period


0:01 of 3rd period - Marc Savard wins face-off versus Frans Nielsen in neutral zone.
0:26 of 3rd period - Alexander Steen is hit by Steve Downie and loses puck.
0:53 of 3rd period - Snap shot by Adam Burish.
0:53 of 3rd period - Shot Blocked by Shea Weber.
0:55 of 3rd period - Slapshot by Ryan Mcdonagh.
0:55 of 3rd period - Shot Blocked by Ales Hemsky.
0:57 of 3rd period - Slapshot by Adam Burish.
0:57 of 3rd period - Goal by Adam Burish - Predators : 5 - Red Wings : 4.
0:58 of 3rd period - Frans Nielsen wins face-off versus Marc Savard in neutral zone.
1:01 of 3rd period - Slapshot by Brett Clark.
1:01 of 3rd period - Deflect By Frans Nielsen.
1:01 of 3rd period - Shot Misses the Net.
1:01 of 3rd period - Puck is out of play.
1:02 of 3rd period - Frans Nielsen wins face-off versus Marc Savard in Red Wings zone.
1:37 of 3rd period - Snap shot by Sean Bergenheim.
1:37 of 3rd period - Shot Blocked by Brett Clark.
2:48 of 3rd period - Slapshot by Sean Bergenheim.
2:48 of 3rd period - Stopped by Viktor Fasth with a rebound.
2:50 of 3rd period - Snap shot by Steve Downie.
2:50 of 3rd period - Stopped by Viktor Fasth with a rebound.
3:24 of 3rd period - Ryan Kesler is hit by Brendan Bell and loses puck.
3:47 of 3rd period - Adam Burish is hit by Mike Brown and loses puck.
4:07 of 3rd period - Ryan Mcdonagh is hit by Sean Bergenheim and loses puck.
4:24 of 3rd period - Alexander Edler is hit by Alex Picard and loses puck.
4:49 of 3rd period - Slapshot by Byron Bitz.
4:49 of 3rd period - Stopped by Michal Neuvirth with a rebound.
5:06 of 3rd period - Snap shot by Marc Savard.
5:06 of 3rd period - Shot Misses the Net.
5:08 of 3rd period - Snap shot by Nate Thompson.
5:08 of 3rd period - Stopped by Viktor Fasth with a rebound.
5:10 of 3rd period - Slapshot by Nate Thompson.
5:10 of 3rd period - Shot Blocked by Brett Clark.
5:12 of 3rd period - Wrist shot by Mike Duco.
5:12 of 3rd period - Stopped by Viktor Fasth without a rebound.
5:13 of 3rd period - Nate Thompson wins face-off versus Ryan Kesler in Predators zone.
5:24 of 3rd period - Ryan Kesler is hit by Mike Duco.
5:44 of 3rd period - Wrist shot by Mike Brown.
5:44 of 3rd period - Stopped by Viktor Fasth without a rebound.
5:45 of 3rd period - Frans Nielsen wins face-off versus Marc Savard in Predators zone.
5:52 of 3rd period - Snap shot by Alexander Ovechkin.
5:52 of 3rd period - Shot Misses the Net.
5:54 of 3rd period - Snap shot by Niclas Bergfors.
5:54 of 3rd period - Shot Misses the Net.
5:56 of 3rd period - Snap shot by Alexander Ovechkin.
5:56 of 3rd period - Stopped by Michal Neuvirth with a rebound.
5:58 of 3rd period - Snap shot by Alexander Ovechkin.
5:58 of 3rd period - Stopped by Michal Neuvirth without a rebound.
5:59 of 3rd period - Frans Nielsen wins face-off versus Sean Bergenheim in Red Wings zone.
6:20 of 3rd period - Sean Bergenheim is hit by Alexander Ovechkin and loses puck.
6:49 of 3rd period - Snap shot by Sean Bergenheim.
6:49 of 3rd period - Shot Blocked by Alexander Ovechkin.
6:51 of 3rd period - Wrist shot by Tyler Johnson.
6:51 of 3rd period - Stopped by Viktor Fasth with a rebound.
6:53 of 3rd period - Slapshot by Filip Kuba.
6:53 of 3rd period - Shot Misses the Net.
7:10 of 3rd period - Minor Penalty to Alexander Ovechkin for Holding Stick.
7:11 of 3rd period - Ryan Kesler wins face-off versus Marc Savard in Predators zone.
8:13 of 3rd period - Wrist shot by Ales Hemsky.
8:13 of 3rd period - Shot Misses the Net.
8:15 of 3rd period - Snap shot by Mike Brown.
8:15 of 3rd period - Shot Misses the Net.
8:25 of 3rd period - Snap shot by Mike Brown.
8:25 of 3rd period - Shot Misses the Net.
9:10 of 3rd period - Penalty to Alexander Ovechkin is over, Alexander Ovechkin is back on ice.
9:18 of 3rd period - Dmitri Kalinin is hit by Mike Brown and loses puck.
9:29 of 3rd period - Jiri Fischer is hit by James Van Riemsdyk and loses puck.
10:40 of 3rd period - Minor Penalty to Frans Nielsen for Hooking.
10:41 of 3rd period - Ryan Kesler wins face-off versus Marc Savard in Predators zone.
10:58 of 3rd period - Snap shot by Rick Nash.
10:58 of 3rd period - Stopped by Viktor Fasth with a rebound.
11:08 of 3rd period - Brett Clark is hit by Tyler Johnson and loses puck.
12:40 of 3rd period - Penalty to Frans Nielsen is over, Frans Nielsen is back on ice.
12:46 of 3rd period - Frans Nielsen is hit by Ole-Kristian Tollefsen and loses puck.
13:18 of 3rd period - Snap shot by Adam Henrique.
13:18 of 3rd period - Stopped by Viktor Fasth without a rebound.
13:19 of 3rd period - Nate Thompson wins face-off versus Andy Miele in Predators zone.
13:20 of 3rd period - Wrist shot by Mike Brown.
13:20 of 3rd period - Stopped by Viktor Fasth with a rebound.
13:59 of 3rd period - Minor Penalty to Filip Kuba for Tripping.
14:00 of 3rd period - Rick Nash wins face-off versus Niclas Bergfors in Red Wings zone.
14:39 of 3rd period - Mike Brown is hit by Mikael Granlund and loses puck.
15:59 of 3rd period - Penalty to Filip Kuba is over, Filip Kuba is back on ice.
16:03 of 3rd period - Dmitri Kalinin is hit by Filip Kuba and loses puck.
16:37 of 3rd period - Off-side.
16:38 of 3rd period - Frans Nielsen wins face-off versus Marc Savard in neutral zone.
17:01 of 3rd period - Alexander Steen is hit by Brendan Bell and loses puck.
19:00 of 3rd period - James Van Riemsdyk is hit by Rick Nash and loses puck.
19:03 of 3rd period - Red Wings, Michal Neuvirth is pulled from the net.
19:09 of 3rd period - Phil Kessel is hit by Alexander Ovechkin and loses puck.
19:26 of 3rd period - Wrist shot by Rick Nash.
19:26 of 3rd period - Goal by Rick Nash - Predators : 5 - Red Wings : 5.
19:26 of 3rd period - Michal Neuvirth from Red Wings was sent back in the game.
19:27 of 3rd period - Niclas Bergfors wins face-off versus Adam Henrique in neutral zone.
19:32 of 3rd period - Wrist shot by Alexander Ovechkin.
19:32 of 3rd period - Deflect By Niclas Bergfors.
19:32 of 3rd period - Shot Misses the Net.
19:32 of 3rd period - Puck is out of play.
19:33 of 3rd period - Frans Nielsen wins face-off versus Adam Henrique in Red Wings zone.
19:48 of 3rd period - Frans Nielsen is hit by Ales Hemsky and loses puck.
Goals for this period are 1 for Predators vs 1 for Red Wings.
Shots for this period are 4 for Predators vs 10 for Red Wings.

Overtime #1


0:01 of 1st overtime period - Ryan Kesler wins face-off versus Phil Kessel in neutral zone.
0:01 of 1st overtime period - Byron Bitz is hit by Ole-Kristian Tollefsen and loses puck.
0:08 of 1st overtime period - Snap shot by Ryan Kesler.
0:08 of 1st overtime period - Deflect By Jiri Fischer.
0:08 of 1st overtime period - Stopped by Michal Neuvirth with a rebound.
0:10 of 1st overtime period - Slapshot by Byron Bitz.
0:10 of 1st overtime period - Stopped by Michal Neuvirth without a rebound.
0:11 of 1st overtime period - Ryan Kesler wins face-off versus Marc Savard in Red Wings zone.
0:14 of 1st overtime period - Slapshot by Ryan Kesler.
0:14 of 1st overtime period - Deflect By Byron Bitz.
0:14 of 1st overtime period - Stopped by Michal Neuvirth without a rebound.
0:15 of 1st overtime period - Ryan Kesler wins face-off versus Phil Kessel in Red Wings zone.
0:47 of 1st overtime period - Snap shot by Alexander Ovechkin.
0:47 of 1st overtime period - Shot Misses the Net.
0:50 of 1st overtime period - Icing by Jiri Fischer.
0:51 of 1st overtime period - Frans Nielsen wins face-off versus Tyler Johnson in Red Wings zone.
1:54 of 1st overtime period - Barret Jackman is hit by Ole-Kristian Tollefsen and loses puck.
2:07 of 1st overtime period - Snap shot by Mikael Granlund.
2:07 of 1st overtime period - Shot Misses the Net.
2:16 of 1st overtime period - Minor Penalty to Sean Bergenheim for Hooking.
2:17 of 1st overtime period - Ryan Kesler wins face-off versus Rick Nash in Red Wings zone.
2:34 of 1st overtime period - Snap shot by Alexander Ovechkin.
2:34 of 1st overtime period - Shot Hit the Post.
4:16 of 1st overtime period - Penalty to Sean Bergenheim is over, Sean Bergenheim is back on ice.
6:12 of 1st overtime period - Filip Kuba is hit by Byron Bitz and loses puck.
6:25 of 1st overtime period - John Moore is hit by Nate Thompson and loses puck.
7:37 of 1st overtime period - Frans Nielsen is hit by Steve Downie.
7:41 of 1st overtime period - Ryan Mcdonagh is hit by Sean Bergenheim and loses puck.
7:52 of 1st overtime period - Alexander Steen is hit by Mike Duco and loses puck.
8:13 of 1st overtime period - Wrist shot by Mike Brown.
8:13 of 1st overtime period - Shot Misses the Net.
8:53 of 1st overtime period - Wrist shot by Sean Bergenheim.
8:53 of 1st overtime period - Stopped by Viktor Fasth with a rebound.
9:18 of 1st overtime period - Wrist shot by Alex Picard.
9:18 of 1st overtime period - Stopped by Viktor Fasth with a rebound.
9:20 of 1st overtime period - Wrist shot by Jiri Fischer.
9:20 of 1st overtime period - Shot Misses the Net.
9:40 of 1st overtime period - Nate Thompson is hit by David Jones and loses puck.
9:51 of 1st overtime period - Brett Clark is hit by Sean Bergenheim and loses puck.
10:04 of 1st overtime period - Jiri Fischer is hit by Mikael Granlund and loses puck.
10:31 of 1st overtime period - Phil Kessel is hit by Ryan Kesler and loses puck.
10:46 of 1st overtime period - Snap shot by Sean Bergenheim.
10:46 of 1st overtime period - Stopped by Viktor Fasth with a rebound.
10:52 of 1st overtime period - Steve Downie is hit by Alexander Ovechkin and loses puck.
11:03 of 1st overtime period - Brendan Bell is hit by Andy Miele and loses puck.
11:23 of 1st overtime period - Filip Kuba is hit by Byron Bitz and loses puck.
11:44 of 1st overtime period - John Moore is hit by Filip Kuba and loses puck.
12:11 of 1st overtime period - James Van Riemsdyk is hit by Alex Picard and loses puck.
13:05 of 1st overtime period - Rick Nash is hit by Alexander Edler.
13:26 of 1st overtime period - Dmitri Kalinin is hit by Mike Brown and loses puck.
13:48 of 1st overtime period - Slapshot by Dmitri Kalinin.
13:48 of 1st overtime period - Goal by Dmitri Kalinin - Predators : 6 - Red Wings : 5.
Goals for this period are 1 for Predators vs 0 for Red Wings.
Shots for this period are 4 for Predators vs 3 for Red Wings.